 Dungeon Crawl Stone Soup version 0.20-a0-1043-gbd57889 (webtiles) character file.

2793 Gorglomux the Cleaver (level 9, -9/123 HPs)
             Began as a Hill Orc Venom Mage on Apr 24, 2017.
             Was a Believer of Trog.
             Mangled by a komodo dragon (13 damage)
             ... on level 8 of the Dungeon.
             The game lasted 00:17:53 (8228 turns).

Gorglomux the Cleaver (Hill Orc Venom Mage)         Turns: 8228, Time: 00:17:53

Health: -9/123     AC: 14    Str: 20    XL:     9   Next: 71%
Magic:  20/20      EV: 10    Int: 15    God:    Trog [**....]
Gold:   53         SH:  0    Dex: 13    Spells: 10/11 levels left

rFire    . . .     SeeInvis .   x - +0 broad axe
rCold    + . .     Gourm    +   (no shield)
rNeg     . . .     Faith    .   b - +0 chain mail
rPois    .         Spirit   .   s - +1 helmet
rElec    .         Reflect  .   d - scarf {rC+}
rCorr    .         Harm     .   g - +2 pair of gloves {Str+3}
MR       .....                  (no boots)
Stlth    ..........             F - amulet of the gourmand {Gourm, !d}
Regen    0.3/turn               m - ring of magical power {MP+9}
MPRegen  0.2/turn               (no ring)

@: berserking, very quick
A: repulsion field 1, robust 1
a: Berserk, Trog's Hand, Burn Spellbooks, Renounce Religion


You were on level 8 of the Dungeon.
You worshipped Trog.
Trog was pleased with you.
You were not hungry.

You visited 2 branches of the dungeon, and saw 9 of its levels.

You collected 327 gold pieces.
You spent 274 gold pieces at shops.

Inventory:

Hand Weapons
 a - a +2 hand axe of flaming
   (You took it off an orc on level 4 of the Dungeon)
 x - a +0 broad axe (weapon)
   (You found it on level 4 of the Dungeon)
Armour
 b - a +0 chain mail (worn)
   (You took it off an orc on level 4 of the Dungeon)
 d - a scarf of cold resistance (worn)
   (You found it on level 1 of the Dungeon)
 g - a +2 pair of gloves of strength (worn)
   (You found it on level 5 of the Dungeon)
 q - a +0 plate armour
   (You found it on level 4 of the Dungeon)
 s - a +1 helmet (worn)
   (You found it on level 2 of the Dungeon)
Jewellery
 m - a ring of magical power (left hand) {MP+9}
   (You found it on level 1 of the Dungeon)
 F - an amulet of the gourmand (around neck) {Gourm, !d}
   (You found it on level 7 of the Dungeon)
Wands
 r - a wand of random effects (12/48)
   (You took it off Robin on level 2 of the Dungeon)
Scrolls
 f - 4 scrolls of identify
 i - 2 scrolls of fear
 j - 4 scrolls of remove curse
 k - 2 scrolls of blinking {!r}
 l - 3 scrolls of enchant weapon
 o - 4 scrolls of teleportation
 t - a scroll of fog {unknown}
 w - a scroll of enchant armour
 y - a scroll of amnesia
 B - 2 scrolls of magic mapping {!r}
 D - a scroll of recharging {unknown}
 H - a scroll of random uselessness {unknown}
Potions
 e - 4 potions of curing
 n - 2 potions of might
 p - a potion of heal wounds
 u - a potion of ambrosia
 v - 3 potions of flight
 A - a potion of cancellation
 C - a potion of agility
 E - a potion of haste
 G - a potion of lignification {!q}
Comestibles
 c - 4 bread rations {@e1@e1}
 h - 4 fruits
 z - 2 meat rations {@e2@e2}


   Skills:
 - Level 5.8 Fighting
 + Level 13.3(13.8) Axes
   Level 4.8(8.9) Polearms
 - Level 2.6 Armour
 - Level 1.5 Dodging
 - Level 1.5 Stealth
 - Level 1.5 Spellcasting
 - Level 1.0 Conjurations
 - Level 2.6 Poison Magic


You had 10 spell levels left.
You knew the following spells:

 Your Spells              Type           Power        Failure   Level  Hunger
a - Sting                 Conj/Pois      #...         75%         1    ##.....


Dungeon Overview and Level Annotations

Branches:
Dungeon (8/15)             Temple (1/1) D:4            Lair (0/6) D:8

Altars:
Dithmenos
Elyvilon
Fedhas
Hepliaklqana
Makhleb
Nemelex Xobeh
Trog
Xom
Zin
The Shining One

Shops:
D:4 *   D:7 [=*


Innate Abilities, Weirdness & Mutations

You are surrounded by a mild repulsion field. (EV +2)
You are robust. (+10% HP)


Message History

The komodo dragon hisses menacingly.
The komodo dragon bites the plant!!
An ogre comes into view. It is wielding a giant club.
The ogre shouts!
Unknown command.
Unknown command.
An ogre is nearby!
Unknown command.
A red film seems to cover your vision as you go berserk!
You feel yourself moving faster!
You feel mighty!
You are feeling very hungry.
You now have 104/123 hp.
You feel a strong urge to attack something.
The ogre hits you with a giant club!
You take 12 damage, and have 92/123 hp.
You slash the ogre! You burn the ogre. You slash the ogre! You burn the ogre.
You feel the power of Trog in you as your rage grows.
You kill the ogre!
Trog accepts your kill.
No target in view!
No target in view!
You see here a giant club.
You start resting.
You feel a strong urge to attack something.
You start resting.
You feel your anger subside.
You are no longer berserk.
You pass out from exhaustion.
You feel yourself slow down.
You can move again.
You now have 63/82 hp.
Unknown command.
A komodo dragon is nearby!
Unknown command.
A komodo dragon is nearby!
Unknown command.
The komodo dragon bites you but does no damage.
The komodo dragon bites you.
You take 3 damage, and have 62/82 hp.
The komodo dragon bites you!!
You take 27 damage, and have 35/82 hp.
MASSIVE DAMAGE!!
Okay, then.
You feel yourself speed up. The komodo dragon bites you!
* * * LOW HITPOINT WARNING * * *
You take 13 damage, and have 22/82 hp.
Unknown command.
The komodo dragon bites you.
* * * LOW HITPOINT WARNING * * *
You take 6 damage, and have 16/82 hp.
You feel yourself speed up.
You feel less exhausted.
You start resting.
Your extra speed is starting to run out.
You start resting.
You feel yourself slow down.
You are near starving!
You see here a giant club.
You start resting.
Unknown command.
You eat one of the 3 meat rations {@e2@e2}.
That meat ration really hit the spot!
Aim: a komodo dragon The puff of flame hits the komodo dragon.
Evoking this partially-identified wand wasted a few charges.
Aim: a komodo dragon (lightly wounded)
The komodo dragon easily resists.
Evoking this partially-identified wand wasted a few charges.
Aim: a komodo dragon (lightly wounded)
The komodo dragon easily resists.
Evoking this partially-identified wand wasted a few charges.
Aim: a komodo dragon (lightly wounded)
The komodo dragon flickers and vanishes!
Deactivating autopickup; reactivate with Ctrl-A.
Evoking this partially-identified wand wasted a few charges.
A komodo dragon appears from thin air!
Reactivating autopickup.
You see here a giant club.
Wield which item (- for none, * to show all)? (? for menu, Esc to quit)
Your +2 hand axe of flaming stops flaming.
x - a +0 broad axe (weapon)
A red film seems to cover your vision as you go berserk!
You feel yourself moving faster!
You feel mighty!
You feel a lot more hungry.
You now have 66/123 hp.
You slash the komodo dragon! The komodo dragon bites you!
You take 13 damage, and have 53/123 hp.
You hit the komodo dragon. You slash the komodo dragon!
The komodo dragon bites you!!
* * * LOW HITPOINT WARNING * * *
You take 24 damage, and have 29/123 hp.
You slash the komodo dragon! You closely miss the komodo dragon.
The komodo dragon bites you!!
* * * LOW HITPOINT WARNING * * *
You take 25 damage, and have 4/123 hp.
MASSIVE DAMAGE!!
You slash the komodo dragon! The komodo dragon barely misses you.
You barely miss the komodo dragon.
Your chain mail prevents you from hitting the komodo dragon.
The komodo dragon bites you!
You die...

#.# #.# #.#
#.# #.# #.#
#.# #.# #.#
#.# #.# #.#
#.# #.# #.#
#.# #.# #@#
#.# #l# #.#
#.# #.# #)#
#.# #.#
##.## #.#
##...###.#
##PP...##.#
#PPP....#.#


You could see a komodo dragon.

Vanquished Creatures
  Joseph (D:7)
  Menkaure (D:4)
  An orc warrior (D:7)
  A black bear (D:6)
  An ice beast (D:6)
  A phantom (D:6)
  A sky beast (D:5)
  4 ogres
  A big kobold (D:8)
  2 bullfrogs
  A scorpion (D:5)
  A wyvern skeleton (D:7)
  An electric eel (D:6)
  2 bullfrog zombies (D:6)
  5 crimson imps
  3 jellies
  3 orc priests
  A bullfrog skeleton (D:7)
  A hound (D:6)
  An iguana (D:3)
  10 orc wizards
  7 worker ants
  A hound zombie (D:8)
  Robin (D:2)
  A howler monkey skeleton (D:4)
  9 adders
  An ooze (D:2)
  An adder zombie (D:8)
  3 adder skeletons
  4 worms
  3 dart slugs
  2 leopard geckos
  25 orcs
  8 bats
  2 giant cockroaches (D:2)
  18 goblins
  12 hobgoblins
  4 jackals (D:1)
  11 quokkas
  2 ball pythons
  5 frilled lizards
  2 jackal skeletons
  11 kobolds
  A quokka skeleton (D:6)
  9 rats
186 creatures vanquished.

Vanquished Creatures (others)
  A plant (D:8)
1 creature vanquished.

Grand Total: 187 creatures vanquished

Notes
Turn   | Place    | Note
-------+----------+-------------------------------------------
     0 | D:1      | Gorglomux the Hill Orc Venom Mage began the quest for the Orb.
     0 | D:1      | Reached XP level 1. HP: 14/14 MP: 3/3
   141 | D:1      | Reached skill level 1 in Fighting
   247 | D:1      | Gained mutation: You are robust. (+10% HP) [potion of mutation]
   247 | D:1      | Gained mutation: You are surrounded by a mild repulsion field. (EV +2) [potion of mutation]
   253 | D:1      | Reached XP level 2. HP: 14/25 MP: 0/4
   268 | D:1      | HP: 6/26 [kobold/dagger (1)]
   277 | D:1      | Reached skill level 1 in Polearms
   313 | D:1      | HP: 6/26 [dart slug/slug dart (4)]
   582 | D:1      | Reached skill level 2 in Fighting
   866 | D:1      | Reached XP level 3. HP: 31/31 MP: 5/5
  1179 | D:2      | Reached skill level 2 in Polearms
  1419 | D:2      | Reached skill level 3 in Fighting
  1419 | D:2      | Reached XP level 4. HP: 41/41 MP: 6/6
  1439 | D:2      | Noticed Robin
  1476 | D:2      | Killed Robin
  1601 | D:2      | Found a shadowy altar of Dithmenos.
  1839 | D:2      | Reached skill level 3 in Polearms
  2289 | D:3      | Reached XP level 5. HP: 44/50 MP: 7/7
  2503 | D:3      | Reached skill level 4 in Fighting
  2834 | D:3      | Reached skill level 4 in Polearms
  2834 | D:3      | Reached XP level 6. HP: 33/60 MP: 8/8
  3047 | D:3      | Reached skill level 5 in Fighting
  3410 | D:4      | Found a staircase to the Ecumenical Temple.
  3434 | D:4      | Found a blossoming altar of Fedhas.
  3502 | D:4      | HP: 13/61 [ogre/giant club (28)]
  3503 | Temple   | Entered the Ecumenical Temple
  3883 | Temple   | Became a worshipper of Trog the Wrathful
  4084 | D:4      | Reached skill level 1 in Armour
  4091 | D:4      | Reached XP level 7. HP: 68/68 MP: 9/9
  4192 | D:4      | Reached skill level 1 in Axes
  4607 | D:4      | HP: 16/68 [poisoned by a worker ant]
  4608 | D:4      | Reached skill level 2 in Axes
  4879 | D:4      | HP: 17/68 [poisoned by a worker ant]
  4886 | D:4      | HP: 15/68 [poisoned by a worker ant]
  4893 | D:4      | HP: 15/68 [poisoned by a worker ant]
  4901 | D:4      | HP: 15/68 [poisoned by a worker ant]
  5259 | D:4      | Noticed Menkaure
  5271 | D:4      | Killed Menkaure
  5271 | D:4      | Reached skill level 4 in Axes
  5271 | D:4      | Reached skill level 2 in Armour
  5542 | D:4      | Found a glowing silver altar of Zin.
  5543 | D:4      | Noticed an angel
  5544 | D:4      | Found a shimmering altar of Xom.
  5574 | D:4      | Reached * piety under Trog
  5617 | D:4      | Reached skill level 5 in Axes
  5887 | D:4      | Found Redoist's General Store.
  5891 | D:4      | Bought a scroll of amnesia for 42 gold pieces
  5891 | D:4      | Bought a scroll of enchant weapon for 90 gold pieces
  5891 | D:4      | Bought a scroll of teleportation for 36 gold pieces
  6051 | D:5      | Entered Level 5 of the Dungeon
  6098 | D:5      | Reached XP level 8. HP: 77/77 MP: 10/10
  6178 | D:5      | Reached skill level 6 in Axes
  6334 | D:5      | Reached skill level 7 in Axes
  6721 | D:6      | Reached skill level 8 in Axes
  6774 | D:6      | Reached skill level 9 in Axes
  6963 | D:6      | Reached skill level 10 in Axes
  7054 | D:6      | Reached XP level 9. HP: 56/82 MP: 11/11
  7102 | D:6      | Found a sparkling altar of Nemelex Xobeh.
  7394 | D:7      | Found Bosaodd's Jewellery Boutique.
  7439 | D:7      | Reached ** piety under Trog
  7443 | D:7      | Reached skill level 11 in Axes
  7448 | D:7      | Found Goragiuso's Assorted Antiques.
  7451 | D:7      | Bought a metallic white potion for 25 gold pieces
  7451 | D:7      | Bought a silvery potion for 25 gold pieces
  7451 | D:7      | Bought a scroll labeled GASEIK MALACE for 28 gold pieces
  7451 | D:7      | Bought a scroll labeled ZAGUDO HOSHRAKK for 28 gold pieces
  7476 | D:7      | Found Nurghir's Armour Boutique.
  7568 | D:7      | Noticed Joseph
  7579 | D:7      | Killed Joseph
  7579 | D:7      | Reached skill level 12 in Axes
  7986 | D:8      | Reached skill level 13 in Axes
  8050 | D:8      | Found a staircase to the Lair.
  8051 | D:8      | Noticed a komodo dragon
  8082 | D:8      | HP: 16/82 [komodo dragon (6)]
  8223 | D:8      | HP: 29/123 [komodo dragon (25)]
  8225 | D:8      | HP: 4/123 [komodo dragon (25)]
  8228 | D:8      | Mangled by a komodo dragon

Vault maps used:
D:1:      dpeg_arrival_snail
D:2:      nicolae_dithmenos_through_a_glass_darkly, minmay_goblin_outpost,
          uniq_robin
D:3:      uniq_natasha
D:4:      grunt_temple_overflow_order_and_chaos_1,
          nicolae_overflow_crystal_walls, minmay_temple_entry_mist,
          serial_shops, shop_statue, grunt_ministairs_15, uniq_menkaure
D:5:      first_bread
D:6:      serial_bayou, serial_bayou_pond_b, serial_bayou_pond_d,
          serial_bayou_ford_a, serial_bayou_pond_c, serial_bayou_pond_a,
          minmay_misc_feat_hallway, lemuel_tele_altar
D:7:      serial_shops, shop, shop, kennysheep_mini_moat, uniq_joseph
D:8:      eat_drink_and_be_merry_uskayaw, yredelemnul_forgotten_temple_becter,
          david_lair_shrubbed
Temple:   jpeg_temple_clearing

Skill      XL: |  1  2  3  4  5  6  7  8  9 |
---------------+----------------------------+-----
Fighting       | 1 2 3 4 5 |  5.8
Polearms       | 1 2 3 4 |  4.8
Armour         | 1 2 |  2.6
Axes           | 5 10 13 | 13.3
Dodging        | |  1.5
Stealth        | |  1.5
Spellcasting   | |  1.5
Conjurations   | |  1.0
Poison Magic   | |  2.6

Action                   |  1- 3 |  4- 6 |  7- 9 || total
-------------------------+-------+-------+-------++-------
Melee: Spear             |    76 |   149 |       ||   225
       Hand axe          |       |       |   374 ||   374
       Broad axe         |       |       |    75 ||    75
Throw: Tomahawk          |     5 |    30 |    21 ||    56
 Cast: Sting             |    47 |    93 |       ||   140
Invok: Berserk           |       |       |    11 ||    11
       Burn Spellbooks   |       |       |     2 ||     2
Evoke: Wand              |       |       |     6 ||     6
  Use: Potion            |     2 |     1 |     2 ||     5
       Scroll            |     1 |     4 |    12 ||    17
 Stab: Sleeping          |       |     1 |       ||     1
  Eat: Chunk             |     2 |    12 |    21 ||    35
       Royal jelly       |       |       |     2 ||     2
       Meat ration       |       |       |     1 ||     1
Armor: Robe              |    21 |    32 |       ||    53
       Plate armour      |       |     7 |   151 ||   158
       Chain mail        |       |       |   131 ||   131
Dodge: Dodged            |    59 |   101 |   138 ||   298

Vault maps used:
D:1:      dpeg_arrival_snail
D:2:      nicolae_dithmenos_through_a_glass_darkly, minmay_goblin_outpost,
          uniq_robin
D:3:      uniq_natasha
D:4:      grunt_temple_overflow_order_and_chaos_1,
          nicolae_overflow_crystal_walls, minmay_temple_entry_mist,
          serial_shops, shop_statue, grunt_ministairs_15, uniq_menkaure
D:5:      first_bread
D:6:      serial_bayou, serial_bayou_pond_b, serial_bayou_pond_d,
          serial_bayou_ford_a, serial_bayou_pond_c, serial_bayou_pond_a,
          minmay_misc_feat_hallway, lemuel_tele_altar
D:7:      serial_shops, shop, shop, kennysheep_mini_moat, uniq_joseph
D:8:      eat_drink_and_be_merry_uskayaw, yredelemnul_forgotten_temple_becter,
          david_lair_shrubbed
Temple:   jpeg_temple_clearing

Table legend:
 A = Turns spent in this place as a percentage of turns spent in the entire game.
 B = Non-inter-level travel turns spent in this place as a percentage of non-inter-level travel turns spent in the entire game.
 C = Inter-level travel turns spent in this place as a percentage of turns spent in this place.
 D = Turns resting spent in this place as a percentage of non-inter-level travel turns spent in this place.
 E = Turns spent auto-exploring this place as a percentage of non-inter-level travel turns spent in this place.
 F = Non-inter-level travel turns spent in this place divided by the number of levels of this place that you've seen.
                   A       B       C       D       E      F
               +-------+-------+-------+-------+-------+----------------------
         Total | 100.0 | 100.0 |   0.3 |   2.9 |   7.0 | 412.0
       Dungeon |  94.9 |  94.9 |   0.3 |   3.1 |   7.3 | 439.9
        Temple |   5.1 |   5.1 |   0.5 |   0.0 |   0.0 | 189.0
               +-------+-------+-------+-------+-------+----------------------

Table legend:
 A = Kills in this place as a percentage of kills in entire the game.
 B = Kills by you in this place as a percentage of kills by you in the entire game.
 C = Kills by friends in this place as a percentage of kills by friends in the entire game.
 D = Other kills in this place as a percentage of other kills in the entire game.
 E = Experience gained in this place as a percentage of experience gained in the entire game.
 F = Experience gained in this place divided by the number of levels of this place that you have seen.
                   A       B       C       D       E      F
               +-------+-------+-------+-------+-------+----------------------
         Total | 100.0 | 100.0 |  -nan |  -nan | 100.0 | 443.3
       Dungeon |  99.5 |  99.5 |  -nan |  -nan |  97.2 | 484.8
        Temple |   0.5 |   0.5 |  -nan |  -nan |   2.8 | 112.0
               +-------+-------+-------+-------+-------+----------------------
